 Dungeon Crawl Stone Soup version 0.30-a0-830-gfe289a77b0 (webtiles) character file.

Game seed: 6424421427267852447

739 cforsyth the Sneak (level 8, -3/48 HPs)
             Began as a Kobold Brigand on Feb 28, 2023.
             Was a Believer of Uskayaw.
             Killed by divine providence
             ... invoked by an orc priest
              (8 damage)
             ... on level 6 of the Dungeon.
             The game lasted 00:06:42 (5689 turns).

cforsyth the Sneak (Kobold Brigand)                 Turns: 5689, Time: 00:06:43

Health: -3/48      AC: 10    Str:  8    XL:     8   Next: 4%
Magic:  8/8        EV: 17    Int: 12    God:    Uskayaw [**....]
Gold:   305        SH:  0    Dex: 19    Spells: 7/7 levels left

rFire   + . .      SeeInvis .    k - +2 dagger (speed)
rCold   + . .      Faith    .    (no shield)
rNeg    . . .      Spirit   .    b - +0 robe
rPois   +          Reflect  .    (no helmet)
rElec   +          Harm     .    m - +2 cloak {rCorr}
rCorr   +          Rampage  .    i - +0 pair of gloves
Will    .....                    (no boots)
Stlth   +++++                    (no amulet)
HPRegen 0.28/turn                o - +4 ring of protection
MPRegen 0.11/turn                s - ring of poison resistance

@: about to teleport, resistant, flying
A: small, no large weapons, nightstalker 3
a: Renounce Religion, Stomp, Line Pass


You were on level 6 of the Dungeon.
You worshipped Uskayaw.
Uskayaw was noncommittal.
You visited 2 branches of the dungeon, and saw 7 of its levels.

You collected 305 gold pieces.

Inventory:

Hand Weapons
 a - a +2 dagger
 k - a +2 dagger of speed (weapon)
Missiles
 d - 14 poisoned darts (quivered)
 e - 3 curare-tipped darts
Armour
 b - a +0 robe (worn)
 c - a +0 cloak
 i - a +0 pair of gloves (worn)
 m - a +2 cloak of preservation (worn)
Jewellery
 g - a +6 ring of intelligence
 j - a ring of ice
 o - a +4 ring of protection (left hand)
 s - a ring of poison resistance (right hand)
 A - a +5 ring of evasion
 D - the amulet of the Changing Gods {*Corrode Drain rN++ Will+++ Regen+}
   (You found it on level 5 of the Dungeon)

   [amulet of regeneration]

   rN:        It greatly protects you from negative energy.
   Regen:     It increases your rate of health regeneration.
   *Corrode:  It may corrode you when you take damage.
   Drain:     It drains your maximum health when unequipped.
   Will:      It greatly increases your willpower.
Wands
 E - a wand of iceblast (21)
Scrolls
 l - 4 scrolls of magic mapping
 n - 2 scrolls of noise {unknown}
 q - 6 scrolls of identify {unknown}
 t - a scroll of fog {unknown}
 v - a scroll of silence {unknown}
 w - a scroll of teleportation
 x - a scroll of butterflies {unknown}
 y - 2 scrolls of brand weapon {unknown}
 z - a scroll of immolation {unknown}
 C - a scroll of fear {unknown}
Potions
 f - a potion of flight
 h - 3 potions of curing
 p - 2 potions of lignification {unknown}
 r - a potion of might {unknown}
 u - a potion of resistance
 B - a potion of degeneration {unknown}
 F - a potion of brilliance {unknown}


   Skills:
 + Level 4.9 Fighting
 + Level 6.1 Short Blades
 - Level 2.1 Throwing
 + Level 5.0 Dodging
 + Level 7.9 Stealth


You had 7 spell levels left.
You didn't know any spells.
Your spell library contained the following spells:

 Spells                   Type           Power      Damage    Failure   Level
 Apportation              Tloc           0%         N/A       32%         1
 Foxfire                  Conj/Fire      0%         2x1d4     32%         1
 Necrotise                Necr           0%         1d4       32%         1
 Summon Small Mammal      Summ           0%         N/A       32%         1
 Ignite Poison            Fire/Tmut/Pois 0%         N/A       69%         3
 Stone Arrow              Conj/Erth      0%         3d7       69%         3
 Animate Armour           Summ/Erth      0%         N/A       97%         4
 Sticky Flame             Conj/Fire      0%         2d3       97%         4
 Fireball                 Conj/Fire      0%         3d3       100%        5
 Starburst                Conj/Fire      0%         6d3       100%        6
 Ignition                 Fire           0%         3d3       100%        8
 Lehudib's Crystal Spear  Conj/Erth      0%         10d2      100%        8


Dungeon Overview and Level Annotations

Branches:
Dungeon (6/15)             Temple (1/1) D:4

Altars:
Cheibriados
Dithmenos
Elyvilon
Fedhas
Gozag
Hepliaklqana
Kikubaaqudgha
Makhleb
Nemelex Xobeh
Okawaru
Qazlal
Ru
Sif Muna
Trog
Uskayaw
Vehumet
Wu Jian
Xom
Zin
The Shining One

Shops:
D:4 =:

Annotations:
D:6 Blork the orc


Innate Abilities, Weirdness & Mutations

You are small and have problems with some larger weapons.
You are completely attuned to the shadows.


Message History

The orc priest is moderately wounded.
The hound closely misses you.
You hit the orc.
The orc is heavily wounded.
The hound bites you but does no damage. The orc hits you with a +0 short sword.
* * * LOW HITPOINT WARNING * * *
The orc misses you. The orc priest barely misses you.
As you read the scroll labelled CAH HUIDYPEISSORA, it crumbles to dust.
You feel aware of your surroundings.
It was a scroll of magic mapping.
The hound barely misses you. The orc hits you but does no damage.
The orc priest hits you with a +0 flail.
* * * LOW HITPOINT WARNING * * *
The orc hits you with a +0 short sword.
* * * LOW HITPOINT WARNING * * *
The orc priest closely misses you.
Unknown command.
It was a potion of curing.
You feel better.
Blork the orc screams, "I'm going to kill you!"
The hound barely misses you. The hound bites you but does no damage.
The orc hits you but does no damage. x2; The orc priest misses you. x2
As you read the scroll labelled ATTUED RATEFAM, it crumbles to dust.
You feel strangely unstable.
It was a scroll of teleportation.
The hound barely misses you. The orc closely misses you.
The orc barely misses you.
The orc priest hits you with a +0 dagger.
The orc priest calls down the wrath of Beogh upon you.
Pain shoots through your body!
* * * LOW HITPOINT WARNING * * *
It was a potion of resistance.
You feel protected.
The hound barely misses you. x2; The orc barely misses you.
The orc closely misses you. The orc priest barely misses you.
The orc priest looks encouraged for a moment.
It was a potion of flight.
You feel very buoyant.
You fly up into the air.
The hound bites you but does no damage. The orc hits you but does no damage.
The orc barely misses you.
The orc priest mumbles some strange prayers to Beogh against you.
Beogh smites you!
You die...

****,**,**** #...# #.......
****,,,,,,,* #...# ####.##.
,,,,,**,**,* #...# #......
,***,**,**,****##...#######.#.##.
,***,**,**,,,...............#....
,,,*,**,**,,,,...................
,*,*,**,**>,,,..............#....
,*,*>,,,,,,****#oo..#.#####......
**,****,,*,* #@oo.#.# ####.##
*,*****,*,* #oho.#.# #.##
*,,,,,,,,,* #oY..#.# #...
*******,*** #o...#.# #### *,*
#......# ** *,*
*##...##**********
,*******,******,,,,,,,**,,,,,,,**
,,,,,,,,,**,,,,,,,,,,,*,,,,,,,,,*
,**********,*,,,,,,,,,,,*******,*


You could see Blork the orc (fast), an ice beast, a hound, 2 orc priests and 5
orcs.

Vanquished Creatures
  3 ogres (D:5)
  A bullfrog (D:6)
  2 necrophages
  A hound (D:4)
  Crazy Yiuf (D:2)
  2 orc priests (D:5)
  An iguana (D:5)
  4 adders
  An ufetubus (D:5)
  4 worms
  5 dart slugs
  6 orcs
  11 endoplasms
  2 giant cockroaches (D:1)
  12 hobgoblins
  5 jackals
  5 kobolds
  3 quokkas
  10 ball pythons
  7 bats
  5 frilled lizards
  11 goblins
  10 rats
112 creatures vanquished.

Vanquished Creatures (others)
  An orc wizard (D:6)
  2 plants (D:1)
3 creatures vanquished.

Grand Total: 115 creatures vanquished

Notes
Turn   | Place    | Note
-------+----------+-------------------------------------------
     0 | D:1      | cforsyth the Kobold Brigand began the quest for the Orb.
     0 | D:1      | Reached XP level 1. HP: 12/12 MP: 1/1
   181 | D:1      | Reached XP level 2. HP: 14/18 MP: 2/2
   637 | D:1      | Found a faded altar of an unknown god.
   701 | D:1      | Reached XP level 3. HP: 22/22 MP: 3/3
  1223 | D:2      | Found a runed translucent door.
  1226 | D:2      | Noticed Crazy Yiuf
  1231 | D:2      | Killed Crazy Yiuf
  1232 | D:2      | Reached XP level 4. HP: 27/27 MP: 4/4
  1587 | D:2      | Reached skill level 6 in Stealth
  1882 | D:2      | Reached XP level 5. HP: 32/32 MP: 5/5
  2878 | D:3      | Found an ornate altar of the Wu Jian Council.
  3196 | D:3      | Found an opulent altar of Gozag.
  3196 | D:3      | Found a sparkling altar of Nemelex Xobeh.
  3283 | D:4      | Reached XP level 6. HP: 38/38 MP: 6/6
  3389 | D:4      | Found a staircase to the Ecumenical Temple.
  3398 | Temple   | Entered the Ecumenical Temple
  3461 | Temple   | Became a worshipper of Uskayaw the Reveller
  3666 | D:4      | Found Suucioz's Book Shoppe.
  3671 | D:4      | Reached * piety under Uskayaw
  3984 | D:4      | Found Gurrolue's Jewellery Shoppe.
  4075 | D:4      | Reached ** piety under Uskayaw
  4328 | D:5      | Entered Level 5 of the Dungeon
  4480 | D:5      | Found a bloodstained altar of Trog.
  4482 | D:5      | Noticed an ogre
  4492 | D:5      | Reached *** piety under Uskayaw
  4493 | D:5      | Killed an ogre
  4494 | D:5      | Reached skill level 5 in Short Blades
  4494 | D:5      | Reached skill level 7 in Stealth
  4585 | D:5      | Reached XP level 7. HP: 43/43 MP: 7/7
  4653 | D:5      | HP: 1/43 [ogre/+0 giant club (19)]
  5017 | D:5      | Identified the amulet of the Changing Gods {*Corrode Drain
                  | rN++ Will+++ Regen+}
  5518 | D:6      | Reached skill level 5 in Dodging
  5518 | D:6      | Reached XP level 8. HP: 48/48 MP: 8/8
  5668 | D:6      | Noticed Blork the orc
  5689 | D:6      | Killed from afar by an orc priest

Illustrated notes

Levels and vault maps discovered:
D:1:      nzn_arrival_settlement, layout_loops_ring, serial_forest,
          infiniplex_forest_straight_2, infiniplex_forest_pool,
          infiniplex_forest_clump_small, infiniplex_forest_clump_cross,
          infiniplex_forest_lined_2, infiniplex_forest_side_room,
          infiniplex_forest_straight_2,
          dreamdust_ecumenical_altar_hidden_monk_grotto,
          minmay_misc_feat_pillars
D:2:      layout_loops_ring, mrwooster_statue_mirror, minmay_joined_circles,
          uniq_crazy_yiuf_cottage
D:3:      minmay_octagon_keep, layout_basic, grunt_temple_overflow_opulence,
          nicolae_wu_jian_wuxing_cycle
D:4:      layout_loops_ring, minmay_temple_entry_stoned_glass, serial_shops,
          shop, nicolae_inconvenience_store
D:5:      layout_layer_cave, mainiacjoe_overflow_cross_hatched
D:6:      layout_loops_cross, uniq_blork_the_orc
Temple:   eino_temple_scatter_basement

Skill      XL: |  1  2  3  4  5  6  7 |
---------------+----------------------+-----
Short Blades   | 3 4 5 6 |  6.1
Dodging        | 2 3 4 5 |  5.0
Stealth        | 6 7 |  7.9
Fighting       | 3 4 |  4.9
Throwing       | |  2.1

Action                     |  1- 3 |  4- 6 |  7- 9 || total
---------------------------+-------+-------+-------++-------
  Melee: Dagger            |    49 |   259 |    74 ||   382
         Punch             |     1 |     2 |     1 ||     4
    Use: Potion            |       |       |     3 ||     3
         Scroll            |       |       |     2 ||     2
   Stab: Sleeping          |     9 |    29 |     2 ||    40
         Distracted        |       |     2 |       ||     2
         Paralysed         |       |     1 |     2 ||     3
 Armour: Robe              |     9 |    29 |    21 ||    59
  Dodge: Dodged            |    17 |   124 |    65 ||   206

Table legend: (Time is in decaauts)
 A = Elapsed time spent in this place.
 B = Non-inter-level travel time spent in this place.
 C = Inter-level travel time spent in this place.
 D = Time resting spent in this place.
 E = Time spent auto-exploring this place.
 F = Levels seen in this place.
 G = Mean time per level.
                   A        B        C        D        E       F      G
               +--------+--------+--------+--------+--------+-----+--------+
         Total |   5499 |   5294 |    205 |      0 |   4667 |   7 |  785.6 |
       Dungeon |   5237 |   5049 |    188 |      0 |   4443 |   6 |  872.8 |
        Temple |    261 |    244 |     17 |      0 |    224 |   1 |  261.0 |
               +--------+--------+--------+--------+--------+-----+--------+

Top non-repeatable levels by time:
     D:1: 1182 daAuts
     D:5: 1125 daAuts
     D:3: 1007 daAuts
     D:2: 955 daAuts
     D:4: 785 daAuts
  Temple: 261 daAuts
     D:6: 180 daAuts
